 Dungeon Crawl Stone Soup version 0.23.2-33-g5129a83184 (webtiles) character file.

Game seed: 2079825651488928311

85549 MalarOregon the Spry (level 15, -5/119 HPs)
             Began as a Merfolk Skald on Aug 3, 2019.
             Was the Champion of the Shining One.
             Slain by a hornet (10 damage)
             ... on level 1 of the Spider Nest.
             The game lasted 01:09:15 (27063 turns).

MalarOregon the Spry (Merfolk Skald)               Turns: 27063, Time: 01:09:15

Health: -5/119     AC:  9    Str: 13    XL:     15   Next: 84%
Magic:  23/23      EV: 24    Int: 16    God:    the Shining One [******]
Gold:   1652       SH:  0    Dex: 15    Spells: 8/18 levels left

rFire    + + .     SeeInvis +   G - +6 spear (venom)
rCold    + + +     Gourm    .   g - +2 buckler {rC+}
rNeg     + + +     Faith    .   D - +4 skin of Zhor {Hibernate rC+++ SInv}
rPois    .         Spirit   .   H - +2 helmet
rElec    .         Reflect  .   J - +0 cloak {rF+}
rCorr    .         Harm     .   j - +0 pair of gloves
MR       +....                  (no boots)
Stlth    +.........             y - amulet of regeneration
HPRegen  0.69/turn              i - ring of protection from fire
MPRegen  0.18/turn              h - ring of positive energy

@: lethally poisoned (-5 -> -5), divine shield, sleeping, corroded, glowing
A: change form in water, swift swim, stealthy swim
a: Divine Shield, Cleansing Flame, Summon Divine Warrior, Brand Weapon With Holy
Wrath, Renounce Religion


You were on level 1 of the Spider Nest.
You worshipped the Shining One.
The Shining One was exalted by your worship.
You were not hungry.

You visited 5 branches of the dungeon, and saw 23 of its levels.
You also visited: Volcano.

You collected 2464 gold pieces.
You spent 812 gold pieces at shops.

Inventory:

Hand Weapons
 a - a +1 trident of piercing
   (You took it off an orc on level 2 of the Orcish Mines)
 G - a +6 spear of venom (weapon)
   (You took it off a gnoll sergeant on level 12 of the Dungeon)
 X - the +8 whip "Snakebite" {curare, rPois, !f}
   (You found it on level 4 of the Lair of Beasts)

   It poisons the flesh of those it strikes.
   It protects you from poison.
Missiles
 t - a throwing net (quivered) {!f}
Armour
 g - a +2 buckler of cold resistance (worn)
   (You bought it in a shop on level 8 of the Dungeon)
 j - a +0 pair of gloves (worn)
   (You found it on level 2 of the Dungeon)
 o - +0 acid dragon scales
   (You found it on level 11 of the Dungeon)
 D - the +4 skin of Zhor (worn) {Hibernate rC+++ SInv}
   (You found it on level 10 of the Dungeon)

   It renders you almost immune to cold.
   It lets you see invisible.
 H - a +2 helmet (worn)
   (You bought it in a shop on level 12 of the Dungeon)
 I - a +3 plate armour of magic resistance
   (You found it on level 12 of the Dungeon)
 J - a +0 cloak of fire resistance (worn)
   (You found it in a volcano)
 O - a +4 chain mail of fire resistance
   (You found it in a volcano)
 Q - +0 fire dragon scales
   (You found it in a volcano)
 U - +0 storm dragon scales
   (You found it on level 4 of the Lair of Beasts)
Jewellery
 h - a ring of positive energy (right hand)
   (You found it on level 1 of the Dungeon)
 i - a ring of protection from fire (left hand)
   (You found it on level 7 of the Dungeon)
 y - an amulet of regeneration (around neck)
   (You took it off a crimson imp on level 7 of the Dungeon)
 E - an uncursed ring of resist corrosion {unknown}
   (You found it on level 1 of the Spider Nest)
Wands
 c - a wand of disintegration (24)
   (You found it on level 7 of the Dungeon)
 d - a wand of iceblast (15)
   (You took it off Maurice on level 11 of the Dungeon)
 p - a wand of enslavement (15)
   (You found it on level 5 of the Dungeon)
 u - a wand of paralysis (1)
   (You found it on level 2 of the Lair of Beasts)
 v - a wand of digging (9)
   (You found it on level 8 of the Dungeon)
 x - a wand of acid (21)
   (You found it on level 11 of the Dungeon)
Scrolls
 k - 3 scrolls of immolation {!r}
 m - 7 scrolls of remove curse {@r2}
 z - a scroll of enchant armour
 C - 4 scrolls of teleportation {@r4}
 F - 2 scrolls of summoning
 L - a scroll of random uselessness {unknown}
 M - 2 scrolls of enchant weapon
 V - a scroll of holy word {unknown}
Potions
 b - 2 potions of flight
 f - a potion of might
 n - 3 potions of haste {@q3}
 q - a potion of cancellation
 r - a potion of heal wounds {@q2}
 w - a potion of mutation {!q}
 A - 2 potions of berserk rage
 B - 3 potions of resistance
 N - a potion of brilliance
 P - 2 potions of lignification {!q}
 T - 2 potions of invisibility
 W - 4 potions of agility
Comestibles
 e - 34 rations {!d}


   Skills:
 - Level 11.2 Fighting
 - Level 14.0 Polearms
 - Level 10.7 Armour
 - Level 17.0 Dodging
 - Level 4.0 Shields
 - Level 2.0 Spellcasting
 - Level 3.2 Charms
 + Level 10.6 Invocations
 + Level 9.8 Evocations


You had 8 spell levels left.
You knew the following spells:

 Your Spells              Type           Power        Failure   Level  Hunger
e - Regeneration          Chrm/Necr      #.........   32%         3    ###....
q - Shroud of Golubria    Chrm/Tloc      #.........   16%         2    ###....
s - Swiftness             Chrm/Air       #.......     16%         2    ###....
t - Spectral Weapon       Hex/Chrm       #.......     32%         3    ###....

Your spell library contained the following spells:

 Spells                   Type           Power        Failure   Level  Hunger
 Infusion                 Chrm           ##..         5%          1    #......
 Song of Slaying          Chrm           ##......     9%          2    ###....
 Animate Skeleton         Necr           N/A          21%         1    #......
 Apportation              Tloc           #.....       21%         1    #......
 Confusing Touch          Hex            #.....       21%         1    #......
 Pain                     Necr           #...         21%         1    #......
 Summon Small Mammal      Summ           #...         21%         1    #......
 Passwall                 Tmut/Erth      #.......     30%         2    ###....
 Vampiric Draining        Necr           #.........   52%         3    ###....
 Animate Dead             Necr           N/A          90%         4    #####..
 Passage of Golubria      Tloc           N/A          90%         4    #####..
 Lee's Rapid Deconstruct  Erth           #.........   99%         5    ######.
 Darkness                 Hex            #.........   100%        6    #######
 Invisibility             Hex            #.......     100%        6    #######


Dungeon Overview and Level Annotations

Branches:
Dungeon (13/15)            Temple (1/1) D:6            Lair (6/6) D:11
 Shoals (0/4) Lair:3       Spider (1/4) Lair:4        Slime (0/5) Lair:5
    Orc (2/2) D:10            Elf (0/3) Orc:2
 Vaults: D:13-14

Altars:
Ashenzari
Cheibriados
Dithmenos
Elyvilon
Fedhas
Gozag
Hepliaklqana
Kikubaaqudgha
Makhleb
Nemelex Xobeh
Okawaru
Qazlal
Ru
Sif Muna
Trog
Uskayaw
Vehumet
Wu Jian
Xom
Yredelemnul
Zin
The Shining One
Beogh

Shops:
D:8 [   D:9 !   D:12 [   Orc:1 *   Orc:2 ([*:

Portals:
Hell: Lair:6

Annotations:
Spider:1 Aizul


Message History

You feel sick.
You hear an angry hiss.
You hear a shout!
You start resting.
You feel sick. x3
You start resting.
The redback is too close now for your liking.
You feel sick.
As you read the scroll of fog, it crumbles to dust.
The scroll dissolves into smoke.
You cannot teleport because you are held in place by your roots.
Your magical effects are unravelling.
You feel magically purged.
You feel less wooden.
Your +0 cloak of fire resistance unmelds from your body.
Your +2 helmet unmelds from your body.
Your +0 pair of gloves unmelds from your body.
The +4 skin of Zhor {Hibernate rC+++ SInv} unmelds from your body.
You feel resistant to fire.
As you read the scroll of teleportation {@r4}, it crumbles to dust.
You feel strangely unstable.
You feel sick.
Okay, then.
You barely miss the redback.
Your jumping spider pounces on the redback!
Your jumping spider bites the redback.
The redback barely misses you.
You puncture the redback!
You kill the redback!
You start resting.
Your surroundings suddenly seem different.
Aizul shouts!
A hornet comes into view.
The hornet buzzes angrily.
The entropy weaver twitches its antennae in your direction.
You hear an angry hiss.
The hornet completely misses you.
A redback comes into view.
Aizul coils herself and waves her upper body at you.
You fall asleep.
The hornet barely misses you.
Found a metal-bound book, a scroll of remove curse and a long sword.
You feel sick.
A redback comes into view.
The hornet completely misses you.
The entropy weaver mumbles some strange words.
The entropic weave corrodes you!
You radiate an aura of cold.
The hornet seems to slow down.
The redback seems to slow down.
The entropy weaver resists.
Aizul resists.
The redback seems to slow down. x4; The redback resists.
The redback seems to slow down. x2; The tarantella seems to slow down.
The tarantella hisses angrily.
The redback is no longer moving slowly.
The hornet stings you!
You die...

.............# #..).#....
..## .#
...#..............
#.##..#........#?.. ^
.....^.>.....^......
.......#......#....
..................
........y@:...... ###
#.....s..........
#§####.....S..........
#s§§.#...s.a..s....#..
##§§§..#..ss.....#....
#.†.)s^.s#...s.......
#..#...s..^.^.....#.. .
#..##........s..#..... .
#.^##....#.........s.....
.


You could see Aizul, an entropy weaver, a hornet, a tarantella and 8 redbacks.

Vanquished Creatures
  Rupert (Lair:3)
  Asterion (Spider:1)
  Gastronok (D:9)
  A ghost moth (Spider:1)
  An orc warlord (Orc:2)
  A dire elephant (Lair:6)
  A red draconian (Volcano)
  Snorg (D:11)
  Josephine (Lair:6)
  An ice dragon (Lair:5)
  4 hydras
  A hell beast (Lair:6)
  An ogre mage (Volcano)
  8 two-headed ogres
  5 death yaks (Lair:6)
  An orc high priest (Orc:2)
  Urug (Orc:2)
  Sonja (D:12)
  Nergalle (D:11)
  A wizard (Lair:6)
  A deep elf mage (D:12)
  6 orc knights
  4 wolf spiders
  4 orc sorcerers
  4 ugly things (D:12)
  A cyclops (D:12)
  2 oklob plants (D:10)
  11 elephants
  Maurice (D:11)
  A guardian serpent (shapeshifter) (D:12)
  6 black mambas
  A smoke demon (Lair:6)
  3 orange demons (Lair:6)
  A gargoyle (D:11)
  10 spiny frogs
  4 demonic crawlers (Lair:4)
  7 rime drakes
  3 komodo dragons
  2 ice devils (Lair:6)
  2 polar bears
  4 jumping spiders
  4 trolls
  8 hippogriffs
  7 dream sheep (Lair:5)
  10 blink frogs
  17 redbacks
  A shadow (D:12)
  6 tarantellas (Spider:1)
  2 spriggans
  7 wyverns
  5 basilisks
  5 wraiths (Lair:6)
  42 yaks
  4 hungry ghosts
  A hog (shapeshifter) (D:12)
  7 vampire mosquitoes (D:12)
  Menkaure (D:6)
  2 wargs (Orc:1)
  An acid dragon (D:11)
  12 water moccasins
  5 hell hounds (Lair:6)
  3 porcupines
  6 ice beasts
  4 phantoms
  An eye of draining (D:10)
  31 orc warriors
  4 sky beasts
  4 black bears
  A necrophage (D:11)
  15 wolves
  7 ogres
  6 centaurs
  A big kobold (D:8)
  12 crocodiles
  Blork the orc (D:4)
  2 gnoll sergeants
  13 bullfrogs
  A wyvern skeleton (D:9)
  A water moccasin skeleton (D:5)
  The ghost of barcode the Skirmisher, a weakling DgWr (D:3)
  3 killer bees (D:11)
  4 wights (D:11)
  10 crimson imps
  A quasit (D:7)
  3 centaur skeletons
  6 jellies
  14 orc wizards
  A bullfrog skeleton (D:8)
  3 centaur zombies
  19 orc priests
  4 hounds
  3 iguanas
  9 worker ants
  A hound zombie (D:7)
  A howler monkey zombie (D:7)
  10 gnolls
  A howler monkey skeleton (D:2)
  19 adders
  2 shadow imps (D:6)
  3 white imps (Lair:5)
  4 oozes
  3 worms
  A dart slug (D:4)
  2 leopard geckos
  103 orcs
  5 giant cockroaches
  7 goblins
  9 hobgoblins
  19 jackals
  5 quokkas
  2 ball pythons
  10 bats
  7 frilled lizards
  8 kobolds
  A leopard gecko skeleton (D:4)
  A quokka skeleton (D:5)
  5 rats
682 creatures vanquished.

Vanquished Creatures (collateral kills)
  An orb spider (Spider:1)
  A jumping spider (Spider:1)
2 creatures vanquished.

Vanquished Creatures (others)
  A wolf spider (Spider:1)
  A redback (Spider:1)
  A bush (Lair:6)
  8 fungi
  4 plants
15 creatures vanquished.

Grand Total: 699 creatures vanquished

Notes
Turn   | Place    | Note
-------+----------+-------------------------------------------
     0 | D:1      | MalarOregon the Merfolk Skald began the quest for the Orb.
     0 | D:1      | Reached XP level 1. HP: 16/16 MP: 3/3
   163 | D:1      | Found a white marble altar of Elyvilon.
   172 | D:1      | Reached XP level 2. HP: 19/23 MP: 5/5
   758 | D:2      | Reached XP level 3. HP: 26/29 MP: 6/6
  1258 | D:2      | Reached XP level 4. HP: 27/36 MP: 7/7
  1391 | D:2      | Reached skill level 5 in Polearms
  1632 | D:2      | Found a shadowy altar of Dithmenos.
  2432 | D:2      | Reached XP level 5. HP: 13/42 MP: 8/8
  2888 | D:3      | Found a runed translucent gate.
  2895 | D:3      | Noticed barcode's ghost (weakling DgWr)
  2896 | D:3      | Found a runed translucent gate.
  2896 | D:3      | Found a runed translucent gate.
  2900 | D:3      | Found a roughly hewn altar of Beogh.
  2970 | D:3      | Reached XP level 6. HP: 20/50 MP: 9/9
  2992 | D:3      | Reached skill level 5 in Fighting
  3528 | D:3      | Killed barcode's ghost
  3810 | D:4      | Noticed Blork the orc
  3828 | D:4      | Killed Blork the orc
  3828 | D:4      | Reached XP level 7. HP: 24/57 MP: 10/10
  4638 | D:4      | Found a radiant altar of Vehumet.
  4829 | D:5      | Entered Level 5 of the Dungeon
  5557 | D:5      | Reached XP level 8. HP: 67/67 MP: 11/11
  6009 | D:5      | Learned a level 2 spell: Shroud of Golubria
  6013 | D:5      | Learned a level 3 spell: Regeneration
  6017 | D:5      | Learned a level 3 spell: Spectral Weapon
  6548 | D:6      | Reached skill level 10 in Polearms
  6630 | D:6      | Found a staircase to the Ecumenical Temple.
  6653 | Temple   | Entered the Ecumenical Temple
  6744 | Temple   | Became a worshipper of the Shining One
  7998 | D:6      | Noticed Menkaure
  8007 | D:6      | Killed Menkaure
  8579 | D:7      | Noticed a hippogriff
  8924 | D:6      | Killed a hippogriff
  8924 | D:6      | Reached XP level 9. HP: 23/75 MP: 12/12
  9374 | D:7      | Reached * piety under the Shining One
  9539 | D:7      | Found a shimmering altar of Xom.
  9796 | D:8      | Reached skill level 10 in Fighting
 10066 | D:8      | Found Dobaoju's Antique Armour Boutique.
 10357 | D:9      | Noticed a two-headed ogre
 10583 | D:8      | Killed a two-headed ogre
 10583 | D:8      | Reached XP level 10. HP: 68/88 MP: 13/13
 10634 | D:9      | Reached skill level 1 in Armour
 10634 | D:9      | Reached skill level 3 in Dodging
 10638 | D:9      | Reached ** piety under the Shining One
 10827 | D:9      | Reached skill level 4 in Dodging
 11041 | D:9      | Reached skill level 5 in Dodging
 11191 | D:9      | Found Womiygec's Distillery.
 11198 | D:9      | Bought a potion of might for 52 gold pieces
 11198 | D:9      | Bought a potion of might for 52 gold pieces
 11264 | D:9      | Noticed Gastronok
 11510 | D:9      | Killed Gastronok
 11510 | D:9      | Reached skill level 7 in Dodging
 11644 | D:9      | Found a sparkling altar of Nemelex Xobeh.
 11729 | D:10     | Entered Level 10 of the Dungeon
 11759 | D:10     | Reached XP level 11. HP: 86/93 MP: 14/14
 11790 | D:10     | Reached skill level 8 in Dodging
 12070 | D:10     | Found a glowing golden altar of the Shining One.
 12190 | D:8      | Bought a runed buckler for 225 gold pieces
 12263 | D:10     | Found a staircase to the Orcish Mines.
 12397 | D:10     | Reached skill level 1 in Shields
 12536 | D:10     | Reached skill level 9 in Dodging
 12603 | D:10     | Found the +4 skin of Zhor {Hibernate rC+++ SInv}
 12675 | D:10     | Found a blossoming altar of Fedhas.
 12677 | D:10     | Noticed an oklob plant
 12677 | D:10     | Noticed an oklob plant
 12817 | D:10     | Killed an oklob plant
 12817 | D:10     | Reached skill level 5 in Armour
 12881 | D:10     | Killed an oklob plant
 13155 | D:11     | Reached *** piety under the Shining One
 13159 | D:11     | Found a staircase to the Lair.
 13286 | D:11     | Noticed Maurice
 13335 | D:11     | Reached skill level 10 in Dodging
 13347 | D:11     | Killed Maurice
 13504 | D:11     | Noticed Nergalle
 13521 | D:11     | Noticed a spectral orc warlord
 13523 | D:11     | Killed Nergalle
 13572 | D:11     | Noticed Snorg
 13606 | D:11     | Killed Snorg
 13606 | D:11     | Reached skill level 11 in Dodging
 13606 | D:11     | Reached XP level 12. HP: 9/100 MP: 11/15
 14386 | D:12     | Reached skill level 12 in Dodging
 14946 | D:12     | Reached **** piety under the Shining One
 14971 | D:12     | Noticed Sonja
 14974 | D:12     | Killed Sonja
 15117 | D:12     | Noticed a five-headed hydra
 15149 | D:12     | Killed a five-headed hydra
 15197 | D:12     | Reached skill level 13 in Dodging
 15246 | D:12     | Found Daozeucy's Antique Armour Shop.
 15250 | D:12     | Bought a runed helmet for 195 gold pieces
 15538 | D:12     | Noticed a two-headed ogre
 15579 | D:12     | Killed a two-headed ogre
 15743 | Lair:1   | Entered Level 1 of the Lair of Beasts
 15869 | Lair:1   | Reached XP level 13. HP: 105/106 MP: 16/16
 15913 | Lair:1   | Reached skill level 14 in Dodging
 16502 | Lair:2   | Found a dark tunnel.
 16521 | Volcano  | Entered a volcano
 16537 | Volcano  | Noticed an ogre mage
 16564 | Volcano  | Found a burning altar of Makhleb.
 16565 | Volcano  | Noticed a red draconian
 16574 | Volcano  | Killed an ogre mage
 16600 | Volcano  | HP: 5/159 [red draconian/searing blast (8)]
 16652 | Volcano  | Killed a red draconian
 16678 | Volcano  | HP: 1/106 [two-headed ogre/+0 giant club of flaming (15)]
 16684 | Volcano  | Reached skill level 15 in Dodging
 17961 | Lair:3   | Found a staircase to the Shoals.
 18446 | Lair:3   | Reached skill level 10 in Armour
 18625 | Lair:4   | Found a hole to the Spider Nest.
 18635 | Lair:4   | Noticed Rupert
 18654 | Lair:4   | Paralysed by Rupert for 5 turns
 18680 | Lair:3   | Killed Rupert
 18680 | Lair:3   | Reached skill level 16 in Dodging
 18905 | Lair:4   | Reached ***** piety under the Shining One
 18912 | Lair:4   | Reached XP level 14. HP: 113/113 MP: 17/17
 19692 | Lair:4   | Reached skill level 17 in Dodging
 19794 | Lair:4   | Found the +8 whip "Snakebite" {curare, rPois}
 20086 | Lair:5   | Reached skill level 1 in Invocations
 20102 | Lair:4   | Reached skill level 1 in Evocations
 20225 | Lair:5   | Found a staircase to the Slime Pits.
 20720 | Lair:5   | Learned a level 2 spell: Swiftness
 21014 | Lair:6   | Entered Level 6 of the Lair of Beasts
 21189 | Lair:6   | Noticed a dire elephant
 21231 | Lair:6   | Killed a dire elephant
 21394 | Lair:6   | Reached skill level 5 in Invocations
 21452 | Lair:6   | Found a burning altar of Makhleb.
 21512 | Lair:6   | Reached skill level 5 in Evocations
 21666 | Lair:6   | Found a gateway to Hell.
 21787 | Lair:6   | Reached ****** piety under the Shining One
 22252 | Lair:6   | Reached XP level 15. HP: 119/119 MP: 20/20
 22432 | Lair:6   | Noticed Josephine
 22477 | Lair:6   | Killed Josephine
 23180 | Orc:1    | Entered Level 1 of the Orcish Mines
 23287 | Orc:1    | Found Nuezuynte's General Store.
 23297 | Orc:1    | Bought a scroll of summoning for 161 gold pieces
 23297 | Orc:1    | Bought a scroll of enchant armour for 127 gold pieces
 23341 | Orc:2    | Entered Level 2 of the Orcish Mines
 24232 | Orc:2    | Found Ceisory's General Store.
 25159 | Orc:2    | Found a staircase to the Elven Halls.
 25184 | Orc:2    | Found Mahadax's Book Shoppe.
 25198 | Orc:2    | Noticed an orc warlord
 25558 | Orc:2    | Killed an orc warlord
 25680 | Orc:2    | Found Emewkire's Antique Armour Emporium.
 25707 | Orc:2    | Found Jafaodd's Antique Weapon Emporium.
 25711 | Orc:2    | Noticed Urug
 25732 | Orc:2    | Killed Urug
 26159 | Spider:1 | Entered Level 1 of the Spider Nest
 26276 | Spider:1 | Noticed a ghost moth
 26306 | Spider:1 | Killed a ghost moth
 26546 | Lair:4   | Reached skill level 10 in Invocations
 26769 | Spider:1 | Noticed Asterion
 26801 | Spider:1 | Killed Asterion
 26991 | Spider:1 | Noticed Aizul
 27032 | Spider:1 | HP: 8/178 [poisoned by a redback]
 27037 | Spider:1 | HP: 5/178 [poisoned by a redback]
 27039 | Spider:1 | The Shining One protects you from harm!
 27040 | Spider:1 | HP: 2/178 [poisoned by a redback]
 27045 | Spider:1 | HP: 2/178 [poisoned by a redback]
 27051 | Spider:1 | HP: 3/178 [poisoned by a redback]
 27058 | Spider:1 | HP: 3/119 [poisoned by a redback]
 27063 | Spider:1 | Slain by a hornet

Skill      XL: |  1  2  3  4  5  6  7  8  9 10 11 12 13 14 15 |
---------------+----------------------------------------------+-----
Fighting       | 3 4 5 7 8 11 | 11.2
Polearms       | 4 5 6 7 9 11 14 | 14.0
Armour         | 4 6 8 10 | 10.7
Dodging        | 7 11 13 16 17 | 17.0
Shields        | 4 |  4.0
Invocations    | 7 10 | 10.6
Evocations     | 6 9 |  9.8
Spellcasting   | |  2.0
Charms         | |  3.2

Action                   |  1- 3 |  4- 6 |  7- 9 | 10-12 | 13-15 || total
-------------------------+-------+-------+-------+-------+-------++-------
Melee: Spear             |   128 |   281 |       |   232 |  2250 ||  2891
       Trident           |       |    85 |   692 |   897 |   152 ||  1826
       Tailslap          |       |       |       |       |    23 ||    23
       Whip              |       |       |       |       |    12 ||    12
 Fire: Fustibalus        |       |     5 |       |       |       ||     5
Throw: Throwing net      |       |       |     1 |       |     2 ||     3
Invok: Divine Shield     |       |       |       |     2 |     4 ||     6
Evoke: Wand              |       |       |     2 |    16 |    15 ||    33
  Use: Scroll            |       |     2 |     7 |     1 |    19 ||    29
       Potion            |       |     5 |     1 |     3 |    14 ||    23
  Eat: Chunk             |     1 |     9 |    17 |    18 |    31 ||    76
       Ration            |       |       |     3 |     1 |     2 ||     6
Armor: Leather armour    |     7 |       |       |    26 |       ||    33
       Chain mail        |    42 |   247 |   293 |    16 |       ||   598
       Skin              |       |    30 |       |       |     8 ||    38
       Animal skin       |       |       |       |    48 |   145 ||   193
       Plate armour      |       |       |       |     4 |   197 ||   201
Dodge: Dodged            |    41 |   102 |   145 |   291 |   919 ||  1498
Block: Buckler           |       |       |       |   129 |   420 ||   549
